 Dungeon Crawl Stone Soup version 0.20.0-8-g6b59dc7 (webtiles) character file.

11409 tsouns the Covert (level 11, -12/58 HPs)
             Began as a Spriggan Assassin on May 31, 2017.
             Was an Elder of Trog.
             Mangled by a blink frog (17 damage)
             ... on level 1 of the Lair of Beasts on June 1, 2017.
             The game lasted 00:33:43 (11909 turns).

tsouns the Covert (Spriggan Assassin)              Turns: 11909, Time: 00:33:44

Health: -12/58     AC:  3    Str:  8    XL:     11   Next: 48%
Magic:  17/17      EV: 28    Int: 15    God:    Trog [****..]
Gold:   634        SH:  0    Dex: 18    Spells: 10/10 levels left

rFire    . . .     SeeInvis +   H - +2 dagger (flame)
rCold    + . .     Gourm    .   (shield restricted)
rNeg     . . .     Faith    .   c - +0 robe
rPois    .         Spirit   .   (helmet restricted)
rElec    .         Reflect  .   d - +0 cloak
rCorr    .         Harm     .   (gloves unavailable)
MR       +....                  (boots unavailable)
Stlth    ++++++....             C - amulet of rage
Regen    0.2/turn               t - ring of protection from cold
MPRegen  0.2/turn               (no ring)

@: about to teleport, berserk cooldown, slowed, quick
A: unfitting armour, see invisible, herbivore 3, speed 3, slow metabolism 2
a: Berserk, Trog's Hand, Brothers in Arms, Burn Spellbooks, Renounce Religion,
Evoke Berserk Rage


You were on level 1 of the Lair of Beasts.
You worshipped Trog.
Trog was greatly pleased with you.
You were not hungry.

You visited 2 branches of the dungeon, and saw 12 of its levels.
You also visited: Sewer.

You collected 634 gold pieces.

Inventory:

Hand Weapons
 a - a +4 dagger
 b - a +2 blowgun
 H - a +2 dagger of flaming (weapon)
Missiles
 e - 22 poisoned needles
 r - 246 stones (quivered)
 w - 3 needles of sleeping
 F - a throwing net
 K - 2 tomahawks of dispersal
Armour
 c - a +0 robe (worn)
 d - a +0 cloak (worn)
 o - a scarf of cloud immunity
Jewellery
 f - an uncursed ring of ice
 t - a ring of protection from cold (left hand)
 C - an amulet of rage (around neck)
Wands
 p - a wand of random effects (27/48)
 z - a wand of iceblast (3/15)
 B - a wand of flame (25/48)
 D - a wand of paralysis (0/24)
 E - a wand of acid (12/15)
 J - a wand of paralysis (10/24)
Scrolls
 i - 3 scrolls of recharging
 j - 3 scrolls of fear
 l - 4 scrolls of identify
 s - 5 scrolls of remove curse
 y - 4 scrolls of amnesia
 G - a scroll of enchant weapon
 I - a scroll of teleportation
Potions
 h - 4 potions of haste
 k - a potion of might
 m - a potion of agility
 n - 7 potions of curing
 q - 3 potions of magic
 u - 3 potions of resistance
 v - 2 potions of brilliance
 x - a potion of ambrosia
 A - a potion of lignification {unknown}
Comestibles
 g - 13 bread rations


   Skills:
 + Level 6.7 Fighting
 - Level 9.8 Short Blades
 + Level 5.1 Throwing
 + Level 11.5 Dodging
 + Level 14.0 Stealth
 - Level 7.8 Evocations


You had 10 spell levels left.
You didn't know any spells.

Dungeon Overview and Level Annotations

Branches:
Dungeon (11/15)            Temple (0/1) D:6            Lair (1/6) D:11
    Orc (0/2) D:10

Altars:
Cheibriados
Fedhas
Makhleb
Okawaru
Trog
Uskayaw


Innate Abilities, Weirdness & Mutations

You are very small and have problems with some larger weapons.
You are too small for most types of armour.
You have supernaturally acute eyesight. (SInv)
You are a herbivore.
You cover ground extremely quickly.
You need consume almost no food.


Message History

You are too injured to fight recklessly!
You are too injured to fight recklessly!
You puncture the blink frog! You burn the blink frog.
The blink frog is moderately wounded.
The blink frog hits you!!
* * * LOW HITPOINT WARNING * * *
Unknown command.
You closely miss the blink frog.
The blink frog is moderately wounded.
You are no longer berserk.
You are exhausted.
You feel yourself slow down.
The blink frog blinks!
Unknown command.
As you read the scroll of teleportation, it crumbles to dust.
You feel strangely unstable. The blink frog hits you.
* * * LOW HITPOINT WARNING * * *
The blink frog hits you.
* * * LOW HITPOINT WARNING * * *
The blink frog hits you!
You die...

#.##.#####.........
#..................
#..................
#.................. ..
#.................. .
#.................. .
#..................
#..F##F#+#......#.#
#..+.@F..#......#####
#..#.†..........##...
##..#.....#......##...#
#...#.....+......##....
##..#.....#......##....
##..#.##.##......######
#...........Y...Y######
##............Y.......Y
#................Y....


You could see 3 blink frogs.

Vanquished Creatures
  2 two-headed ogres
  An ugly thing (D:11)
  Psyche (D:9)
  A gargoyle (D:11)
  2 spiny frogs (Lair:1)
  A merfolk (D:9)
  A hornet (D:9)
  3 hippogriffs
  Sigmund (D:2)
  15 yaks
  2 hungry ghosts
  2 water moccasins (Lair:1)
  2 wargs (D:11)
  3 ice beasts
  3 orc warriors
  5 sky beasts
  2 black bears
  A phantom (D:7)
  9 centaurs
  7 ogres
  8 bullfrogs
  A wyvern zombie (D:11)
  4 scorpions
  A killer bee (D:11)
  5 crimson imps
  7 hounds
  2 jellies
  3 orc priests
  2 centaur skeletons
  2 orc wizards
  Terence (D:3)
  2 worker ants
  A hound zombie (D:9)
  2 hound skeletons
  A worker ant zombie (D:5)
  Robin (D:4)
  3 gnolls
  A howler monkey skeleton (D:4)
  9 adders
  2 river rats (Sewer)
  2 shadow imps (D:5)
  2 worms
  A dart slug (D:3)
  5 leopard geckos
  26 orcs
  6 bats
  6 giant cockroaches
  16 goblins
  9 hobgoblins
  6 jackals
  6 quokkas
  4 ball pythons (Sewer)
  11 frilled lizards
  2 kobolds
  A quokka zombie (D:5)
  14 rats
239 creatures vanquished.

Notes
Turn   | Place    | Note
-------+----------+-------------------------------------------
     0 | D:1      | tsouns the Spriggan Assassin began the quest for the Orb.
     0 | D:1      | Reached XP level 1. HP: 10/10 MP: 2/2
    15 | D:1      | Reached skill level 6 in Stealth
   325 | D:1      | Reached XP level 2. HP: 14/14 MP: 3/3
   941 | D:2      | Reached XP level 3. HP: 15/18 MP: 4/4
   942 | D:2      | Noticed Sigmund
   967 | D:2      | Killed Sigmund
   967 | D:2      | Reached skill level 7 in Stealth
   967 | D:2      | Reached XP level 4. HP: 20/23 MP: 5/5
   967 | D:2      | Reached XP level 5. HP: 24/27 MP: 6/6
  1350 | D:2      | Found a burning altar of Makhleb.
  1350 | D:2      | Found a snail-covered altar of Cheibriados.
  1482 | D:3      | Noticed Terence
  1489 | D:3      | Killed Terence
  1517 | D:3      | Reached XP level 6. HP: 32/32 MP: 7/7
  1750 | D:3      | Reached skill level 8 in Stealth
  2110 | D:3      | Found a glowing drain.
  2114 | Sewer    | Entered a sewer
  2793 | D:3      | Found a bloodstained altar of Trog.
  2814 | D:3      | Became a worshipper of Trog the Wrathful
  3096 | D:4      | Noticed Robin
  3162 | D:4      | Killed Robin
  3573 | D:4      | You fall through a shaft!
  3573 | D:5      | Entered Level 5 of the Dungeon
  3656 | D:5      | Reached * piety under Trog
  3723 | D:5      | Reached skill level 5 in Short Blades
  3855 | D:5      | Reached XP level 7. HP: 34/36 MP: 8/8
  4148 | D:5      | Reached skill level 5 in Dodging
  4148 | D:5      | Reached skill level 9 in Stealth
  4735 | D:6      | Reached XP level 8. HP: 42/42 MP: 9/9
  5019 | D:6      | Noticed a hippogriff
  5021 | D:6      | Killed a hippogriff
  5021 | D:6      | Reached skill level 10 in Stealth
  5239 | D:6      | Found a staircase to the Ecumenical Temple.
  5279 | D:6      | Found a blossoming altar of Fedhas.
  6134 | D:7      | Reached skill level 5 in Fighting
  6489 | D:8      | Noticed a dagger
  6490 | D:8      | Found a hide-covered altar of Uskayaw.
  6491 | D:8      | Noticed a hand axe
  6641 | D:8      | Reached skill level 11 in Stealth
  6641 | D:8      | Reached XP level 9. HP: 47/47 MP: 10/10
  6851 | D:8      | Reached ** piety under Trog
  7005 | D:8      | HP: 2/47 [poisoned by a scorpion]
  7444 | D:8      | Noticed a two-headed ogre
  7501 | D:8      | Killed a two-headed ogre
  7705 | D:9      | Reached skill level 12 in Stealth
  7957 | D:9      | Noticed Psyche
  8114 | D:9      | Reached skill level 1 in Evocations
  8117 | D:9      | Reached XP level 10. HP: 26/53 MP: 10/12
  8716 | D:9      | Killed Psyche
  9194 | D:9      | Reached skill level 5 in Evocations
  9249 | D:10     | Entered Level 10 of the Dungeon
  9276 | D:10     | Noticed a two-headed ogre
  9303 | D:10     | Killed a two-headed ogre
  9303 | D:10     | Reached skill level 13 in Stealth
  9345 | D:10     | Reached skill level 10 in Dodging
  9471 | D:9      | Reached *** piety under Trog
  9471 | D:9      | Received a gift from Trog
  9696 | D:10     | Found a staircase to the Orcish Mines.
 10313 | D:10     | Found an iron altar of Okawaru.
 10471 | D:11     | Noticed a gargoyle
 10472 | D:11     | Killed a gargoyle
 10531 | D:11     | Reached XP level 11. HP: 56/56 MP: 17/17
 10783 | D:11     | Noticed a brown ugly thing
 10796 | D:11     | Killed a brown ugly thing
 10872 | D:11     | Found a staircase to the Lair.
 11167 | Lair:1   | Entered Level 1 of the Lair of Beasts
 11644 | Lair:1   | Noticed a seven-headed hydra
 11747 | Lair:1   | Reached **** piety under Trog
 11747 | Lair:1   | Received a gift from Trog
 11887 | Lair:1   | Reached skill level 14 in Stealth
 11891 | Lair:1   | Reached skill level 5 in Throwing
 11909 | Lair:1   | Mangled by a blink frog

Skill      XL: |  1  2  3  4  5  6  7  8  9 10 11 |
---------------+----------------------------------+-----
Stealth        | 6 7 8 9 11 12 13 14 | 14.0
Dodging        | 2 4 5 7 9 10 11 | 11.5
Short Blades   | 3 4 5 7 8 9 |  9.8
Fighting       | 2 3 4 5 6 |  6.7
Evocations     | 2 7 |  7.8
Throwing       | 3 5 |  5.1

Action                   |  1- 3 |  4- 6 |  7- 9 | 10-12 || total
-------------------------+-------+-------+-------+-------++-------
Melee: Dagger            |    60 |   261 |   397 |   560 ||  1278
 Fire: Blowgun           |    17 |       |    49 |    23 ||    89
Invok: Berserk           |       |       |     3 |    14 ||    17
       Burn Spellbooks   |       |       |       |     1 ||     1
Evoke: Wand              |       |       |     6 |       ||     6
  Use: Scroll            |       |    11 |    11 |     2 ||    24
       Potion            |       |     2 |     1 |     1 ||     4
 Stab: Sleeping          |    11 |    21 |    16 |    12 ||    60
       Distracted        |     1 |       |     1 |     2 ||     4
       Paralysed         |       |       |     2 |       ||     2
  Eat: Royal jelly       |       |     1 |     1 |       ||     2
       Fruit             |       |       |     4 |       ||     4
       Bread ration      |       |       |       |     3 ||     3
Armor: Robe              |     4 |    18 |    14 |    10 ||    46
Dodge: Dodged            |    28 |   151 |   233 |   311 ||   723
